 Dungeon Crawl Stone Soup version 0.29.1-4-g47bece8355 (webtiles) character file.

Game seed: 1988578545631555484

331 fantasyman the Slasher (level 6, -2/51 HPs)
             Began as a Demigod Fighter on Dec 5, 2022.
             Slain by a gnoll bouda
             ... wielding a +3 vampiric whip
              (8 damage)
             ... on level 4 of the Dungeon.
             The game lasted 00:05:03 (6230 turns).

fantasyman the Slasher (Demigod Fighter)            Turns: 6230, Time: 00:05:04

Health: -2/51      AC: 10    Str: 22 (25) XL:     6   Next: 5%
Magic:  8/8        EV:  9    Int: 10      God:
Gold:   269        SH:  0    Dex: 13      Spells: 5/5 levels left

rFire   . . .      SeeInvis .   a - +0 long sword
rCold   . . .      Faith    .   c - +0 buckler
rNeg    . . .      Spirit   .   b - +0 scale mail
rPois   .          Reflect  .   f - +0 helmet
rElec   .          Harm     .   (no cloak)
rCorr   .          Rampage  .   g - +1 pair of gloves
Will    .....                   (no boots)
Stlth   ..........              (no amulet)
HPRegen 0.17/turn               (no ring)
MPRegen 0.11/turn               (no ring)

@: confused, mighty
A: high MP 1, forlorn, divine attributes
a: no special abilities


You were on level 4 of the Dungeon.
You visited 1 branch of the dungeon, and saw 4 of its levels.

You collected 269 gold pieces.

Inventory:

Hand Weapons
 a - a +0 long sword (weapon)
 o - a +0 rapier
Armour
 b - a +0 scale mail (worn)
 c - a +0 buckler (worn)
 f - a +0 helmet (worn)
 g - a +1 pair of gloves (worn)
Jewellery
 i - a +4 ring of evasion
Wands
 m - a wand of flame (20)
Scrolls
 e - 3 scrolls of teleportation
 h - 4 scrolls of identify
 k - a scroll of magic mapping
 l - a scroll of butterflies {unknown}
 p - a scroll of vulnerability {unknown}
Potions
 j - 2 potions of lignification
 n - 2 potions of flight


   Skills:
 + Level 3.2 Fighting
 * Level 4.9 Long Blades
 + Level 3.6 Armour
 + Level 3.1 Shields


You had 5 spell levels left.
You didn't know any spells.
Your spell library contained the following spells:

 Spells                   Type           Power      Damage    Failure   Level
 Confusing Touch          Hex            0%         N/A       98%         3
 Yara's Violent Unravell  Hex/Tmut       0%         3d3       100%        5
 Enfeeble                 Hex            0%         N/A       100%        7
 Malign Gateway           Summ/Tloc      0%         N/A       100%        7
 Summon Horrible Things   Summ           0%         N/A       100%        8


Dungeon Overview and Level Annotations

Branches:
Dungeon (4/15)             Temple (0/1) D:4

Shops:
D:4 :


Innate Abilities, Weirdness & Mutations

You have an increased reservoir of magic. (+10% MP)
You shall have no god before yourself.
Your divine heritage dramatically boosts your attributes as you level up.


Message History

The gnoll bouda closely misses you.
You hit the gnoll bouda but do no damage.
The gnoll bouda is heavily wounded.
The gnoll bouda closely misses you.
You barely miss the gnoll bouda.
The gnoll bouda is heavily wounded.
The gnoll bouda hits you with a +3 vampiric whip!
The gnoll bouda draws strength from your wounds!
The gnoll bouda hits you with a +3 vampiric whip.
You are too injured to fight recklessly!
You are too injured to fight recklessly!
You are too injured to fight recklessly!
You closely miss the gnoll bouda.
The gnoll bouda is lightly wounded.
The gnoll bouda hits you with a +3 vampiric whip.
The gnoll bouda draws strength from your wounds!
The orc wizard casts a spell.
The orc wizard flickers and vanishes!
Deactivating autopickup; reactivate with Ctrl-A.
You feel very mighty all of a sudden. The gnoll bouda closely misses you.
You barely miss the gnoll bouda. The gnoll bouda barely misses you.
Something hits you.
* * * LOW HITPOINT WARNING * * *
You hit the gnoll bouda.
The gnoll bouda is lightly wounded.
The gnoll bouda hits you with a +3 vampiric whip!
* * * LOW HITPOINT WARNING * * *
The gnoll bouda draws strength from your wounds!
You hear some strange, mumbled words.
A magic dart appears from out of thin air!
The magic dart hits you but does no damage.
You closely miss the gnoll bouda.
The gnoll bouda is lightly wounded.
The gnoll bouda hits you but does no damage.
You hear some strange, mumbled words.
You are confused.
Your attacks no longer feel as feeble.
The gnoll bouda hits you with a +3 vampiric whip!
You die...

....# #####.#..##.# ....##
###...........# ##...##
#..#.......#..# ##...#
###.#..#...##.##
#....######.#...#.##..###
##....##?#....#....##....#
......###.###......#...###
......# ###.....#g{#...#
......####.#.#..@......#
......#.###.#..#.......#
#.....##..##..#........#
####.#####.[).........##
############.#...#...##
##.....#...##....^....#
.#).........#...##...##
...........##.#.######
..........###'###.###


You could see a gnoll bouda.

Vanquished Creatures
  A necrophage (D:4)
  A scorpion (D:4)
  A hound (D:4)
  Robin (D:2)
  3 gnolls (D:3)
  3 adders
  3 worms
  5 dart slugs
  4 orcs
  7 endoplasms
  2 giant cockroaches (D:2)
  16 goblins
  13 hobgoblins
  7 jackals (D:1)
  3 quokkas
  5 ball pythons
  3 bats
  7 frilled lizards
  6 kobolds
  4 rats
95 creatures vanquished.

Vanquished Creatures (others)
  A goblin (D:2)
1 creature vanquished.

Grand Total: 96 creatures vanquished

Notes
Turn   | Place    | Note
-------+----------+-------------------------------------------
     0 | D:1      | fantasyman the Demigod Fighter began the quest for the Orb.
     0 | D:1      | Reached XP level 1. HP: 18/18 MP: 3/3
   166 | D:1      | Reached skill level 2 in Long Blades
   327 | D:1      | Reached XP level 2. HP: 23/25 MP: 4/4
  1202 | D:1      | Reached XP level 3. HP: 29/30 MP: 5/5
  1593 | D:2      | Noticed Robin
  2190 | D:2      | Reached skill level 3 in Long Blades
  2450 | D:2      | Reached XP level 4. HP: 7/37 MP: 6/6
  2463 | D:2      | HP: 1/37 [Robin/+0 spear (3)]
  2479 | D:2      | Killed Robin
  4161 | D:3      | Reached XP level 5. HP: 45/45 MP: 7/7
  4437 | D:4      | Found Cahel's Book Emporium.
  4455 | D:4      | Reached skill level 4 in Long Blades
  5548 | D:4      | Reached XP level 6. HP: 38/51 MP: 8/8
  5898 | D:4      | Found a staircase to the Ecumenical Temple.
  6230 | D:4      | Slain by a gnoll bouda

Illustrated notes

Levels and vault maps discovered:
D:1:      minmay_arrival_plants_in_alcoves, layout_basic,
          dilly_ecumenical_altar_fadedgnrine, serial_bayou_pond_a,
          corexii_leaking_fountain
D:2:      layout_basic, wander_ebering_terrifying_dragon_lair, uniq_robin
D:3:      layout_loops_ring, chequers_temple_overflow_minitemple
D:4:      nicolae_cairo_tiling_large, layout_cave_pools,
          minmay_temple_entry_nine_rooms, serial_shops, kennysheep_little_box,
          chequers_serial_rivers_small_3, minmay_increasing_density

Skill      XL: |  1  2  3  4  5 |
---------------+----------------+-----
Long Blades    | 2 3 4 |  4.9
Armour         | 3 |  3.6
Shields        | 3 |  3.1
Fighting       | 3 |  3.2

Action                   |  1- 3 |  4- 6 || total
-------------------------+-------+-------++-------
Melee: Long sword        |   181 |   161 ||   342
  Use: Potion            |     2 |     5 ||     7
       Scroll            |     1 |     7 ||     8
Armor: Scale mail        |   148 |    86 ||   234
Dodge: Dodged            |   115 |    70 ||   185
Block: Buckler           |    61 |    33 ||    94
